 Dungeon Crawl Stone Soup version 0.25-b1-46-gb8a1ec05df (webtiles) character file.

Game seed: 439571678344457342

8964 Curus the Spear-Bearer (level 11, 0/101 HPs)
             Began as a Minotaur Gladiator on June 11, 2020.
             Was an Elder of Yredelemnul.
             Slain by a wolf (11 damage)
             ... on level 2 of the Lair of Beasts.
             The game lasted 01:08:53 (11933 turns).

Curus the Spear-Bearer (Minotaur Gladiator)        Turns: 11933, Time: 01:08:54

Health: 0/101      AC:  5    Str: 17    XL:     11   Next: 16%
Magic:  13/13      EV: 18    Int:  7    God:    Yredelemnul [****..]
Gold:   67         SH:  5    Dex: 13    Spells: 10/10 levels left

rFire    . . .     SeeInvis .   B - +4 trident (flame)
rCold    . . .     Gourm    .   (no shield)
rNeg     + . .     Faith    .   b - +0 leather armour
rPois    +         Spirit   .   c - +1 hat
rElec    .         Reflect  +   (no cloak)
rCorr    .         Harm     .   (no gloves)
MR       .....                  G - +0 pair of boots
Stlth    +.........             s - amulet of reflection
HPRegen  0.26/turn              m - ring of positive energy
MPRegen  0.13/turn              E - ring of poison resistance

@: mighty
A: retaliatory headbutt, horns 2, sense surroundings 1, weak 1
a: Recall Undead Slaves, Injury Mirror, Animate Dead, Drain Life, Renounce
Religion


You were on level 2 of the Lair of Beasts.
You worshipped Yredelemnul.
Yredelemnul was greatly pleased with you.
You were hungry.

You visited 2 branches of the dungeon, and saw 11 of its levels.
You also visited: Sewer and Ossuary.

You collected 469 gold pieces.
You spent 402 gold pieces at shops.

Inventory:

Hand Weapons
 a - a +1 trident
 o - a +1 vampiric spear
 B - a +4 trident of flaming (weapon)
Missiles
 d - 3 throwing nets (quivered)
Armour
 b - a +0 leather armour (worn)
 c - a +1 hat (worn)
 G - a +0 pair of boots (worn)
Jewellery
 l - an uncursed ring of ice
 m - a ring of positive energy (left hand)
 n - an uncursed amulet of inaccuracy
 q - an uncursed ring of wizardry
 s - an amulet of reflection (around neck)
 y - an uncursed amulet of magic regeneration
 E - a ring of poison resistance (right hand)
Wands
 j - a wand of flame (21)
 x - a wand of iceblast (4)
 z - a wand of polymorph (7)
 C - a wand of clouds (3)
Scrolls
 h - 14 scrolls of identify
 i - 5 scrolls of remove curse
 u - 5 scrolls of teleportation
 v - a scroll of amnesia
 w - a scroll of fear
 A - a scroll of blinking
 D - a scroll of magic mapping
Potions
 e - 2 potions of cancellation
 g - a potion of resistance
 k - 7 potions of flight
 p - 2 potions of haste
 r - 3 potions of curing
 t - a potion of heal wounds
 F - a potion of magic
 I - 3 potions of stabbing
Comestibles
 f - 18 rations


   Skills:
 - Level 10.9 Fighting
 + Level 13.1 Polearms
 - Level 2.0 Throwing
 - Level 10.4 Dodging
 + Level 4.7 Invocations


You had 10 spell levels left.
You didn't know any spells.
Your spell library contained the following spells:

 Spells                   Type           Power        Failure   Level  Hunger
 Magic Dart               Conj           #...         50%         1    ##.....
 Blink                    Tloc           N/A          65%         2    ###....
 Call Imp                 Summ           #.......     65%         2    ###....
 Slow                     Hex            #.......     65%         2    ###....
 Conjure Flame            Conj/Fire      #.......     86%         3    ####...
 Mephitic Cloud           Conj/Pois/Air  #.......     86%         3    ####...


Dungeon Overview and Level Annotations

Branches:
Dungeon (9/15)             Temple (0/1) D:7            Lair (1/6) D:9
  Sewer (visited)         Ossuary (visited)
    Orc: D:9-12

Altars:
Ashenzari
Elyvilon
Fedhas
Kikubaaqudgha
Makhleb
Okawaru
Sif Muna
Yredelemnul

Shops:
D:4 *   D:7 (

Annotations:
Lair:1 1 transporter, Kaece's ghost, novice TeFE


Innate Abilities, Weirdness & Mutations

You reflexively headbutt those who attack you in melee.
You have a pair of horns on your head.
You passively map a small area around you.
You are weak. (Str -2)


Message History

Yredelemnul accepts your kill.
You feel much better. The wolf bites you!
* * * LOW HITPOINT WARNING * * *
The wolf bites you!
* * * LOW HITPOINT WARNING * * *
The wolf misses you. You furiously retaliate!
You headbutt the wolf. You barely miss the wolf.
The wolf is moderately wounded.
The wolf completely misses you. The wolf bites you.
* * * LOW HITPOINT WARNING * * *
You impale the wolf!! You burn the wolf.
You kill the wolf!
Yredelemnul accepts your kill. The wolf bites you!
* * * LOW HITPOINT WARNING * * *
You puncture the wolf! You burn the wolf.
The wolf is heavily wounded.
The wolf bites you!
You die...
Your body rises from the dead as a mindless zombie.

, , , , , , , ,,
,, , , , . , , ,
, , , , .. , , ,
* ..h,, * ,
,.h.. ### *
....h,#@### * ,
......#hh.#.###
* *
.......!.......
,
,...............
...............
*
...............
, ,
...............
...............
.....^.........


You could see 2 wolves.

Vanquished Creatures
  A black mamba (Lair:1)
  Joseph (D:7)
  Psyche (D:8)
  A spiny frog (Lair:1)
  A troll (D:9)
  3 hippogriffs
  5 yaks
  4 hogs (D:7)
  A human (D:7)
  A basilisk (Lair:1)
  A hungry ghost (D:9)
  Menkaure (D:5)
  3 water moccasins
  5 porcupines
  2 orc warriors
  2 phantoms (D:6)
  An ice beast (D:7)
  5 ogres
  A sky beast (D:9)
  10 wolves (Lair:2)
  3 centaurs
  3 crocodiles
  4 big kobolds (Sewer)
  An elf zombie (Ossuary)
  A bullfrog (Lair:1)
  2 scorpions
  6 killer bees (D:8)
  A howler monkey (D:8)
  5 crimson imps
  4 human zombies (Ossuary)
  2 hounds
  2 jellies (D:6)
  3 orc priests
  10 orc wizards
  A bullfrog skeleton (D:9)
  A centaur skeleton (D:5)
  An iguana (D:5)
  7 worker ants
  2 mummies (Ossuary)
  Robin (D:3)
  A howler monkey skeleton (D:6)
  17 adders
  A river rat (D:4)
  3 shadow imps
  4 oozes (Sewer)
  2 adder skeletons (D:6)
  An adder zombie (Ossuary)
  2 worms
  A dart slug (D:2)
  8 leopard geckos
  19 orcs
  3 ball pythons
  6 giant cockroaches
  11 goblins
  14 hobgoblins
  7 jackals
  3 quokkas
  7 bats
  6 frilled lizards
  8 hobgoblin zombies (Ossuary)
  A jackal zombie (Ossuary)
  11 kobolds
  10 kobold zombies (Ossuary)
  10 orc zombies (Ossuary)
  11 rats
  2 rat zombies (Ossuary)
279 creatures vanquished.

Vanquished Creatures (collateral kills)
  A porcupine (Lair:1)
  A crocodile (Lair:1)
  An orc wizard (D:7)
  A giant cockroach (D:7)
4 creatures vanquished.

Vanquished Creatures (others)
  A hippogriff skeleton (Lair:1)
  A wight (D:8)
  An orc wizard (D:7)
  A mummy (Lair:2)
  7 fungi
  6 plants (D:9)
17 creatures vanquished.

Grand Total: 300 creatures vanquished

Notes
Turn   | Place    | Note
-------+----------+-------------------------------------------
     0 | D:1      | Curus the Minotaur Gladiator began the quest for the Orb.
     0 | D:1      | Reached XP level 1. HP: 18/18 MP: 0/0
    46 | D:1      | Reached skill level 4 in Polearms
   152 | D:1      | Reached XP level 2. HP: 25/25 MP: 1/1
   483 | D:1      | Reached skill level 5 in Polearms
   607 | D:1      | Reached XP level 3. HP: 30/30 MP: 2/2
  1037 | D:2      | Found a shimmering blue altar of Sif Muna.
  1578 | D:3      | Found a basalt altar of Yredelemnul.
  1586 | D:3      | Became a worshipper of Yredelemnul the Dark
  1645 | D:3      | Reached skill level 6 in Polearms
  1645 | D:3      | Reached XP level 4. HP: 35/37 MP: 3/3
  1665 | D:3      | Found a shattered altar of Ashenzari.
  1665 | D:3      | Found a burning altar of Makhleb.
  2019 | D:3      | Noticed Robin
  2027 | D:3      | Reached * piety under Yredelemnul
  2042 | D:3      | Killed Robin
  2671 | D:4      | Found a glowing drain.
  2678 | Sewer    | Entered a sewer
  2697 | Sewer    | Noticed a big kobold
  2715 | Sewer    | Reached skill level 7 in Polearms
  2715 | Sewer    | Reached XP level 5. HP: 32/42 MP: 4/4
  2921 | Sewer    | Reached skill level 8 in Polearms
  2921 | Sewer    | Reached XP level 6. HP: 38/50 MP: 5/5
  3099 | Sewer    | Reached ** piety under Yredelemnul
  3249 | Sewer    | Reached skill level 9 in Polearms
  3690 | Sewer    | Reached XP level 7. HP: 52/56 MP: 6/6
  4075 | D:4      | Found Tiuzod's Serpentskin Sales.
  4097 | D:4      | Reached skill level 10 in Polearms
  4266 | D:4      | Reached skill level 11 in Polearms
  5092 | D:4      | Gained mutation: You are weak. (Str -2) [potion of
                  | mutation]
  5092 | D:4      | Gained mutation: You passively map a small area around you.
                  | [potion of mutation]
  5204 | D:5      | Entered Level 5 of the Dungeon
  5204 | D:5      | Noticed Menkaure
  5207 | D:5      | Reached XP level 8. HP: 62/62 MP: 7/7
  5215 | D:5      | Killed Menkaure
  5382 | D:5      | Found a blossoming altar of Fedhas.
  5413 | D:5      | Reached skill level 12 in Polearms
  5579 | D:5      | Reached *** piety under Yredelemnul
  6268 | D:6      | Reached skill level 5 in Dodging
  6370 | D:6      | Reached skill level 5 in Fighting
  6536 | D:6      | Found an ancient bone altar of Kikubaaqudgha.
  6606 | D:6      | Reached XP level 9. HP: 67/75 MP: 8/8
  7027 | D:7      | Found a sand-covered staircase.
  7028 | D:7      | Noticed Joseph
  7051 | D:7      | Killed Joseph
  7057 | Ossuary  | Entered an ossuary
  7203 | Ossuary  | Reached **** piety under Yredelemnul
  7287 | Ossuary  | Received a gift from Yredelemnul (a mummy)
  7466 | D:7      | Received a gift from Yredelemnul (a wight)
  7561 | D:7      | Found Ziaqap's Antique Weapon Emporium.
  7569 | D:7      | Bought a glowing trident for 162 gold pieces
  7948 | D:7      | Found a staircase to the Ecumenical Temple.
  7987 | D:7      | Found a white marble altar of Elyvilon.
  9208 | D:8      | Found an iron altar of Okawaru.
  9213 | D:8      | Noticed Psyche
  9223 | D:8      | Killed Psyche
  9223 | D:8      | Reached XP level 10. HP: 91/91 MP: 9/9
 10114 | D:4      | Bought an uncursed ring of poison resistance for 240 gold
                  | pieces
 10253 | D:9      | Reached skill level 10 in Fighting
 10766 | D:9      | Reached skill level 10 in Dodging
 10835 | D:9      | Received a gift from Yredelemnul (a wraith)
 11086 | D:9      | Found a staircase to the Lair.
 11104 | Lair:1   | Entered Level 1 of the Lair of Beasts
 11195 | Lair:1   | Noticed a black mamba
 11203 | Lair:1   | Killed a black mamba
 11203 | Lair:1   | Reached skill level 1 in Invocations
 11453 | Lair:1   | Noticed a spiny frog
 11461 | Lair:1   | Killed a spiny frog
 11747 | Lair:1   | Found a transporter.
 11748 | Lair:1   | Noticed Kaece's ghost (novice TeFE)
 11880 | Lair:1   | You fall into a shaft and drop 1 floor!
 11899 | Lair:2   | Reached XP level 11. HP: 55/101 MP: 12/12
 11912 | Lair:2   | Received a gift from Yredelemnul (a mummy)
 11921 | Lair:2   | Reached skill level 13 in Polearms
 11933 | Lair:2   | Slain by a wolf

Illustrated notes

Levels and vault maps discovered:
D:1:      onia_arrival_mini_maze, layout_basic, minmay_misc_feat_five,
          minmay_pentomino_v4
D:2:      layout_loops_ring, lemuel_blue_sif_altar
D:3:      layout_basic, yredelemnul_altar_generic,
          amethyst_overflow_temple_binary, grunt_ministairs_10, uniq_robin
D:4:      layout_basic, gup_sewer_entry_spiral, guppyfry_shop_venom
D:5:      layout_loops_ring, fedhas_altar_3, first_ration, uniq_menkaure
D:6:      layout_basic, kennysheep_little_box
D:7:      layout_layer_cave, minmay_temple_entry_arrows, basic_altar,
          chequers_ossuary_entry_cave, serial_shops,
          nicolae_shop_competitors_out_of_business, grunt_livestock, uniq_joseph
D:8:      layout_basic, okawaru_gym_becter, uniq_psyche
D:9:      layout_basic, grunt_lair_entry_orc_guard_hut, serial_shops, shop,
          small_statue_intersection
Lair:1:   layout_layer_cave, gammafunk_ghost_arena, minivault_26,
          infiniplex_staircase_pool, grunt_megastairs_1
Lair:2:   layout_big_grid, dummy_spider_entry, cheibrodos_lair_lostbears

Skill      XL: |  1  2  3  4  5  6  7  8  9 10 11 |
---------------+----------------------------------+-----
Polearms       | 4 5 6 7 8 9 11 12 13 | 13.1
Fighting       | 5 9 10 | 10.9
Dodging        | 6 9 10 | 10.4
Invocations    | 3 4 |  4.7
Throwing       | |  2.0

Action                   |  1- 3 |  4- 6 |  7- 9 | 10-12 || total
-------------------------+-------+-------+-------+-------++-------
Melee: Trident           |    82 |    46 |   175 |   197 ||   500
       Headbutt          |    10 |    23 |    89 |    34 ||   156
       Spear             |       |   201 |   346 |       ||   547
Invok: Animate Dead      |       |       |       |     2 ||     2
  Use: Scroll            |     7 |     4 |     3 |     2 ||    16
       Potion            |     5 |     3 |     5 |     4 ||    17
 Stab: Sleeping          |     1 |       |     1 |       ||     2
       Invisible         |       |       |     1 |       ||     1
       Distracted        |       |       |       |     1 ||     1
  Eat: Chunk             |     2 |     4 |    14 |    10 ||    30
       Ration            |       |     1 |     1 |       ||     2
Armor: Leather armour    |    21 |    25 |    22 |    20 ||    88
Dodge: Dodged            |    52 |    97 |   104 |    95 ||   348
Block: Other             |       |       |    30 |    33 ||    63
       Reflection        |       |       |     4 |       ||     4
